 Dungeon Crawl Stone Soup version 0.20.1-1-g8b1a95d (webtiles) character file.

51 mopl the Caller (level 3, -7/24 HPs)
             Began as a Mummy Summoner on Sept 6, 2018.
             Was a Follower of Sif Muna.
             Mangled by saradell's ghost (8 damage)
             ... on level 3 of the Dungeon.
             The game lasted 00:03:07 (2154 turns).

mopl the Caller (Mummy Summoner)                    Turns: 2154, Time: 00:03:07

Health: -7/24      AC:  2    Str: 11    XL:     3   Next: 57%
Magic:  2/7        EV: 12    Int: 15    God:    Sif Muna [*.....]
Gold:   134        SH:  0    Dex: 12    Spells: 3/8 levels left

rFire    x . .     SeeInvis .   a - +0 spear
rCold    + . .     Gourm    .   (no shield)
rNeg     + + +     Faith    .   e - +0 robe
rPois    ∞         Spirit   .   (no helmet)
rElec    .         Reflect  .   (no cloak)
rCorr    .         Harm     .   (no gloves)
MR       .....                  (no boots)
Stlth    +.........             (no amulet)
Regen    0.1/turn               (no ring)
MPRegen  0.1/turn               (no ring)

@: very slow
A: no food or potions, fire vulnerability, cold resistance 1, negative energy
resistance 3, torment resistance, unbreathing
a: Divine Energy, Renounce Religion


You were on level 3 of the Dungeon.
You worshipped Sif Muna.
Sif Muna was aware of your devotion.
You were not hungry.

You visited 1 branch of the dungeon, and saw 3 of its levels.

You collected 134 gold pieces.

Inventory:

Hand Weapons
 a - a +0 spear (weapon)
Armour
 e - a +0 robe (worn)
Scrolls
 c - a scroll of teleportation {unknown}
 d - a scroll of magic mapping
 f - a scroll of recharging
 g - a scroll of fog {unknown}
 h - a scroll of immolation
 i - a scroll of enchant weapon {unknown}
 j - a scroll of amnesia
 k - a scroll of blinking {unknown}
 l - a scroll of identify {unknown}
Books
 b - a book of Callings

   Spells                             Type                      Level
   a - Summon Small Mammal            Summoning                    1
   b - Call Imp                       Summoning                    2
   c - Call Canine Familiar           Summoning                    3
   d - Summon Guardian Golem          Hexes/Summoning              3
   e - Summon Lightning Spire         Summoning/Air                4
   f - Summon Ice Beast               Ice/Summoning                4


   Skills:
 - Level 1.5 Dodging
 - Level 1.5 Stealth
 + Level 3.4 Spellcasting
 * Level 4.1 Summonings


You had 3 spell levels left.
You knew the following spells:

 Your Spells              Type           Power        Failure   Level  Hunger
b - Call Imp              Summ           ###.....     5%          2    N/A
c - Call Canine Familiar  Summ           ###.....     11%         3    N/A

Dungeon Overview and Level Annotations

Branches:
Dungeon (3/15)

Altars:
Qazlal
Sif Muna

Annotations:
D:3 saradell's ghost, amateur GrBe


Innate Abilities, Weirdness & Mutations

You do not eat or drink.
Your flesh is vulnerable to fire.
You are immune to poison.
Your flesh is cold resistant. (rC+)
You are immune to negative energy. (rN+++)
You are immune to unholy pain and torment.
You can survive without breathing.


Message History

Okay, then.
As you read the scroll labeled VAOXEKHISI, it crumbles to dust.
You feel aware of your surroundings.
It was a scroll of magic mapping.
Your crimson imp hits saradell's ghost but does no damage.
Your shadow imp hits saradell's ghost but does no damage.
As you read the scroll labeled YTWAGENOCUGH, it crumbles to dust.
It is a scroll of recharging.
You aren't carrying any rechargeable items.
As you read the scroll labeled ODOTIU QIFYAPO, it crumbles to dust.
The creatures around you are filled with an inner flame!
It was a scroll of immolation.
Saradell's ghost hits you.
* * * LOW HITPOINT WARNING * * *
Your crimson imp hits saradell's ghost.
Your shadow imp barely misses saradell's ghost.
As you read the scroll labeled EMUQOH ROLA, it crumbles to dust.
It is a scroll of amnesia.
Forget which spell ([?*] list [ESC] exit)?
Your memory of Summon Small Mammal unravels.
Saradell's ghost hits you!
You die...

,,,,,,* *,* *,* ****,**
*,* *.# *,* #.* *.# ****,*
###.######.######*
,,,,,**#≈..≈..≈(≈...≈..,*
,,,,,,,#..≈≈..≈≈.....#*,*
***,,,,.≈≈≈≈≈≈≈≈≈≈≈≈≈#*,*
*,,<,.≈≈≈≈≈≈≈≈≈≈≈≈.#*,*
***,,,,.≈.≈≈≈≈≈≈@≈≈≈.#*,*
,,,,,,,.≈.≈≈≈≈.5W≈≈..#*,*
***,,,,.≈.≈≈≈._.5≈≈..#*,*
*,,,,,,...≈≈≈..♣≈≈≈..##,#
,,,,,,,...≈≈≈≈≈≈≈≈≈...#.#
,<,,,,,.≈.≈≈≈≈≈≈≈≈≈.≈...#
#######
,,,,,**#.≈≈≈≈≈≈≈≈≈≈≈.##.#
#...... *,,,**
#.≈≈...≈≈..≈≈....###.#####
**,**
#≈≈.≈.≈....≈.≈.###...#


You could see saradell's ghost (inner flame), a friendly crimson imp and a
friendly shadow imp.

Vanquished Creatures
  A worm (D:2)
  A leopard gecko (D:1)
  2 giant cockroaches
  5 hobgoblins
  5 kobolds
  7 bats
  3 frilled lizards (D:1)
  4 goblins
  10 rats
38 creatures vanquished.

Vanquished Creatures (collateral kills)
  An adder (D:2)
  A leopard gecko (D:1)
  A kobold (D:2)
  A rat (D:1)
4 creatures vanquished.

Grand Total: 42 creatures vanquished

Notes
Turn   | Place    | Note
-------+----------+-------------------------------------------
     0 | D:1      | mopl the Mummy Summoner began the quest for the Orb.
     0 | D:1      | Reached XP level 1. HP: 13/13 MP: 4/4
   453 | D:1      | Reached XP level 2. HP: 19/19 MP: 5/5
   475 | D:1      | Reached skill level 3 in Spellcasting
   634 | D:1      | Learned a level 2 spell: Call Imp
  1361 | D:2      | Reached XP level 3. HP: 20/24 MP: 7/7
  1382 | D:2      | Learned a level 3 spell: Call Canine Familiar
  1584 | D:2      | Reached skill level 4 in Summonings
  2108 | D:3      | Found a stormy altar of Qazlal.
  2127 | D:3      | Found a faded altar of an unknown god.
  2142 | D:3      | Noticed saradell's ghost (amateur GrBe)
  2144 | D:3      | Became a worshipper of Sif Muna the Loreminder
  2144 | D:3      | Reached * piety under Sif Muna
  2153 | D:3      | HP: 1/24 [saradell's ghost (5)]
  2154 | D:3      | Mangled by saradell's ghost

Skill      XL: |  1  2  3 |
---------------+----------+-----
Spellcasting   | 3 |  3.4
Summonings     | 4 |  4.1
Dodging        | |  1.5
Stealth        | |  1.5

Action                   || total
-------------------------++-------
Melee: Unarmed           ||    23
       Spear             ||   137
 Cast: Summon Small Mamm ||     4
       Call Imp          ||     8
       Call Canine Famil ||     1
  Use: Scroll            ||     4
 Stab: Distracted        ||     2
       Sleeping          ||     5
Armor: Robe              ||    28
Dodge: Dodged            ||   108
